 Dungeon Crawl Stone Soup version 0.18.1-8-gdd0e5ea (webtiles) character file.

17191 protoss039 the Cleaver (level 12, -2/165 HPs)
             Began as a Minotaur Fighter on June 11, 2016.
             Was a High Priest of Okawaru.
             Slain by a jumping spider (7 damage)
             ... summoned by a deep elf mage
             ... on level 12 of the Dungeon on June 12, 2016.
             The game lasted 00:43:50 (11422 turns).

protoss039 the Cleaver (Minotaur Fighter)          Turns: 11422, Time: 00:43:51

Health: -2/165     AC: 26    Str: 32    XL:     12   Next: 16%
Magic:  13/13      EV:  2    Int:  5    God:    Okawaru [*****.]
Gold:   825        SH: 14    Dex:  9    Spells: 0 memorised, 11 levels left

rFire  + . .     SeeInvis +     v - +3 hand axe (chop)
rCold  + . .     Gourm    .     (armour currently unavailable)
rNeg   + + +     Faith    .     c - +1 shield
rPois  +         Spirit   .     (helmet currently unavailable)
rElec  +         Dismiss  .     (cloak currently unavailable)
rCorr  +         Reflect  .     (gloves currently unavailable)
SustAt .         Harm     .     (boots currently unavailable)
MR     .....     NoTele   +     n - amulet of regeneration
Stlth  +.........               w - ring of positive energy
                                g - ring of see invisible

@: mighty, tree-form, resistant, very slightly contaminated, hasted, drained,
very quick, not resistant to hostile enchantments, very unstealthy
A: (retaliatory headbutt), (fangs 0), (horns 0), (icy blue scales 0)
a: Heroism, Finesse, Renounce Religion


You were on level 12 of the Dungeon.
You worshipped Okawaru.
Okawaru was extremely pleased with you.
You were not hungry.
You were a tree.
You visited 2 branches of the dungeon, and saw 13 of its levels.

You collected 874 gold pieces.
You spent 49 gold pieces at shops.

Inventory:

Hand Weapons
 v - a +3 hand axe of chopping (weapon)
Missiles
 q - 7 tomahawks of returning (quivered)
Armour
 b - a +0 plate armour (melded)
 c - a +1 shield (worn)
 u - a +0 pair of gloves (melded)
 y - a steam dragon hide
 H - a +0 cloak of invisibility (melded)
 P - a +0 pair of boots (melded)
 V - a +0 fire dragon armour
Jewellery
 g - a ring of see invisible (left branch)
 j - an uncursed ring of stealth
 n - an amulet of regeneration (around neck)
 w - a ring of positive energy (right branch)
 A - an uncursed ring of sustain attributes
Wands
 T - a wand of digging (14/24)
Scrolls
 k - 2 scrolls of enchant armour
 l - 6 scrolls of teleportation
 r - 3 scrolls of identify
 s - a scroll of magic mapping
 x - 9 scrolls of remove curse
 B - 4 scrolls of enchant weapon
 C - 3 scrolls of blinking
 K - a scroll of holy word
 O - a scroll of fog
Potions
 d - a potion of might
 e - a potion of mutation
 h - 2 potions of agility
 D - 2 potions of lignification
Miscellaneous
 t - a plain deck of defence {drawn: 1}
Comestibles
 a - a slice of pizza
 f - 12 bread rations
 i - 14 chunks of flesh
 m - 5 beef jerkies
 o - 4 meat rations
 p - 2 fruits


   Skills:
 * Level 11.5(10.7) Fighting
 * Level 14.0(13.2) Axes
 + Level 0.4(0.0) Throwing
 * Level 10.4(9.7) Armour
 + Level 11.5(10.7) Shields
 * Level 3.9(3.2) Invocations
 + Level 1.1(0.5) Evocations


You had 11 spell levels left.
You didn't know any spells.

Dungeon Overview and Level Annotations

Branches:
Dungeon (12/15)            Temple (1/1) D:6            Lair (0/8) D:8
    Orc (0/2) D:11

Altars:
Ashenzari
Cheibriados
Dithmenos
Elyvilon
Fedhas
Gozag
Kikubaaqudgha
Makhleb
Nemelex Xobeh
Okawaru
Pakellas
Qazlal
Ru
Sif Muna
Trog
Vehumet
Xom
Yredelemnul
Zin
The Shining One
Beogh
Lugonu

Shops:
D:8 *

Annotations:
D:4 junkhipster's ghost, novice DsBe
D:12 1 runed door


Innate Abilities, Weirdness & Mutations

((You reflexively headbutt those who attack you in melee.))
((You have a pair of horns on your head.))
((You have very sharp teeth.))
((You are partially covered in icy blue scales (AC +1).))


Message History

The redback bites you but does no damage.
The sun demon hits you.
* * * LOW HITPOINT WARNING * * *
You are engulfed in flames!
You resist.
* * * LOW HITPOINT WARNING * * *
The mottled dragon bites you.
* * * LOW HITPOINT WARNING * * *
The mottled dragon claws you but does no damage.
Unknown command.
Unknown command.
You slash the deep elf mage!
The deep elf mage is heavily wounded.
You closely miss the jumping spider. You closely miss the mottled dragon.
You slash the sun demon!
The sun demon is moderately wounded.
You hit the redback.
The redback is almost dead.
You feel less stealthy. The jumping spider pounces on you!
You die...

#.......÷............
#...######...........
#...# #...........
#...# #..######...
###.# #..# #... #.#
#..# #... #.######..#
#...
#..D......######...
#.♣3...............
#ses..........≈....
#r.s.....≈...≈#≈...
#.......≈#≈.≈#..≈..
#......≈#.#≈#...#≈.
#.....≈#...#...#≈#.
#....≈#...#...#≈.##
#...≈#...#≈#.#≈....
#....≈#.#≈#≈#.#≈...


You could see a demonic crawler, a sun demon, a deep elf mage, a jumping spider,
a mottled dragon, a redback and a hell rat.

Vanquished Creatures
  2 death yaks (D:8)
  The ghost of Malvoorn the Transmogrifier, a novice NaTm (D:7)
  An unseen horror (D:12)
  3 hill giants
  2 ugly things (D:11)
  A cyclops (D:11)
  A manticore (D:11)
  A moth of wrath (D:9)
  A centaur zombie (D:11)
  A two-headed ogre (D:8)
  2 trolls
  Grinder (D:6)
  A spriggan (D:7)
  2 steam dragons
  13 yaks
  A wyvern (D:12)
  3 hungry ghosts
  3 hippogriffs
  The ghost of F1L1N the Skirmisher, an amateur GrBe of Trog (D:3)
  Edmund (D:6)
  Duvessa (D:6)
  A water moccasin (D:9)
  7 orc warriors
  An ice beast (D:12)
  2 sky beasts
  2 necrophages
  3 phantoms
  A black bear (D:6)
  9 ogres
  7 centaurs
  A big kobold (D:10)
  13 giant frogs
  A scorpion (D:4)
  Dowan (D:6)
  14 killer bees
  4 howler monkeys
  8 crimson imps
  A giant frog zombie (D:9)
  2 jellies
  A quasit (D:11)
  A giant frog skeleton (D:5)
  4 hounds
  4 centaur skeletons
  Crazy Yiuf (D:7)
  A gnoll shaman (D:6)
  7 orc priests
  3 iguanas
  10 worker ants
  15 orc wizards
  A killer bee zombie (D:9)
  A hound skeleton (D:6)
  5 worker ant zombies
  17 gnolls
  A howler monkey skeleton (D:10)
  12 adders
  4 shadow imps
  2 oozes
  3 worms
  7 giant geckos
  58 orcs
  3 giant cockroaches
  7 goblins
  9 hobgoblins
  4 jackals (D:6)
  11 kobolds
  5 quokkas
  3 ball pythons
  7 bats
  11 giant newts
  14 rats
353 creatures vanquished.

Notes
Turn   | Place    | Note
--------------------------------------------------------------
     0 | D:1      | protoss039 the Minotaur Fighter began the quest for the Orb.
     0 | D:1      | Reached XP level 1. HP: 19/19 MP: 0/0
   372 | D:1      | Reached XP level 2. HP: 27/27 MP: 1/1
   933 | D:2      | Reached XP level 3. HP: 33/33 MP: 2/2
  1001 | D:2      | Reached skill level 3 in Axes
  1141 | D:2      | Found a basalt altar of Yredelemnul.
  1390 | D:2      | Reached XP level 4. HP: 40/40 MP: 3/3
  1555 | D:3      | Reached XP level 5. HP: 37/47 MP: 4/4
  1653 | D:3      | Reached skill level 4 in Axes
  1655 | D:3      | Found a snail-covered altar of Cheibriados.
  1664 | D:3      | Noticed F1L1N's ghost (amateur GrBe)
  2193 | D:3      | Killed F1L1N's ghost
  2193 | D:3      | Reached skill level 5 in Armour
  2193 | D:3      | Reached skill level 5 in Shields
  2193 | D:3      | Reached XP level 6. HP: 26/55 MP: 5/5
  2473 | D:4      | Reached skill level 5 in Fighting
  2526 | D:4      | Noticed junkhipster's ghost (novice DsBe)
  3075 | D:4      | Found a glowing golden altar of the Shining One.
  3078 | D:4      | Found a glowing silver altar of Zin.
  3081 | D:4      | Found a white marble altar of Elyvilon.
  3220 | D:4      | Reached skill level 5 in Axes
  3220 | D:4      | Reached XP level 7. HP: 55/61 MP: 6/6
  4089 | D:5      | Entered Level 5 of the Dungeon
  4155 | D:5      | Found an iron altar of Okawaru.
  4201 | D:5      | Became a worshipper of Warmaster Okawaru
  4244 | D:5      | Reached XP level 8. HP: 70/70 MP: 7/7
  4362 | D:5      | Reached skill level 6 in Axes
  4374 | D:5      | Gained mutation: You have very sharp teeth. [potion of mutation]
  4374 | D:5      | Gained mutation: You are partially covered in icy blue scales (AC +1). [potion of mutation]
  4934 | D:5      | Reached skill level 7 in Axes
  4971 | D:5      | Found a shadowy altar of Dithmenos.
  4975 | D:5      | Reached * piety under Okawaru
  5356 | D:6      | Reached skill level 8 in Axes
  5387 | D:6      | Reached XP level 9. HP: 78/79 MP: 8/8
  5447 | D:6      | Noticed Edmund
  5457 | D:6      | Killed Edmund
  5457 | D:6      | Reached ** piety under Okawaru
  5464 | D:6      | Noticed Grinder
  5472 | D:6      | Paralysed by Grinder for 7 turns
  5487 | D:6      | Killed Grinder
  5599 | D:6      | Reached skill level 9 in Axes
  5689 | D:6      | Found a staircase to the Ecumenical Temple.
  5700 | Temple   | Entered the Ecumenical Temple
  5872 | D:6      | Found a shattered altar of Ashenzari.
  5874 | D:6      | Noticed Duvessa
  5874 | D:6      | Noticed Dowan
  5906 | D:6      | Killed Dowan
  5918 | D:6      | Killed Duvessa
  5996 | D:7      | Noticed Malvoorn's ghost (novice NaTm)
  6015 | D:7      | Killed Malvoorn's ghost
  6115 | D:7      | Reached skill level 10 in Axes
  6122 | D:7      | Found an ancient bone altar of Kikubaaqudgha.
  6130 | D:7      | Found a deep blue altar of Sif Muna.
  6141 | D:7      | Found a radiant altar of Vehumet.
  6144 | D:7      | Identified Kikubaaqudgha's Collected Works on Evil Rituals
  6168 | D:7      | Reached *** piety under Okawaru
  6332 | D:7      | Noticed Crazy Yiuf
  6340 | D:7      | Killed Crazy Yiuf
  6423 | D:7      | Found a sacrificial altar of Ru.
  6472 | D:7      | Reached XP level 10. HP: 76/90 MP: 9/9
  6590 | D:7      | You fall through a shaft for 3 floors!
  6590 | D:10     | Entered Level 10 of the Dungeon
  6873 | D:9      | Found a radiant altar of Vehumet.
  6898 | D:9      | Reached **** piety under Okawaru
  6899 | D:9      | Reached skill level 11 in Axes
  7076 | D:9      | Received a gift from Okawaru
  7136 | D:8      | Found Ileittoc's General Store.
  7141 | D:8      | Bought a +0 pair of boots for 49 gold pieces
  7362 | D:8      | Found a staircase to the Lair.
  7364 | D:8      | Reached skill level 10 in Shields
  7367 | D:8      | Noticed a death yak
  7371 | D:8      | Noticed a death yak
  7390 | D:8      | Killed a death yak
  7390 | D:8      | Reached skill level 10 in Fighting
  7398 | D:8      | Killed a death yak
  7398 | D:8      | Received a gift from Okawaru
  7398 | D:8      | Reached skill level 12 in Axes
  7773 | D:8      | Reached XP level 11. HP: 72/101 MP: 10/10
  7927 | D:8      | Reached ***** piety under Okawaru
  8284 | D:9      | Found a bloodstained altar of Trog.
  8307 | D:9      | Reached skill level 1 in Invocations
  8307 | D:9      | Reached skill level 1 in Evocations
  8396 | D:9      | Found a burning altar of Makhleb.
  8726 | D:10     | Noticed a hill giant
  8741 | D:10     | Killed a hill giant
  8862 | D:10     | Identified a scroll of acquirement
  9225 | D:10     | Received a gift from Okawaru
  9760 | D:11     | Found a staircase to the Orcish Mines.
  9775 | D:11     | Found a roughly hewn altar of Beogh.
  9785 | D:11     | Reached skill level 13 in Axes
 10031 | D:11     | Noticed a hill giant
 10049 | D:11     | Killed a hill giant
 10049 | D:11     | Reached skill level 10 in Armour
 10074 | D:11     | Noticed a cyan ugly thing
 10086 | D:11     | Killed a cyan ugly thing
 10184 | D:11     | Noticed a purple ugly thing
 10195 | D:11     | Killed a purple ugly thing
 10403 | D:11     | Reached XP level 12. HP: 110/110 MP: 13/13
 11000 | D:12     | Received a gift from Okawaru
 11039 | D:12     | Found a runed door.
 11060 | D:12     | Reached skill level 14 in Axes
 11421 | D:12     | HP: 5/165 [sun demon[a deep elf mage] (9)]
 11422 | D:12     | Slain by a jumping spider

Skill      XL: |  1  2  3  4  5  6  7  8  9 10 11 12 |
---------------+-------------------------------------+-----
Shields        | 4 5 6 7 8 9 10 11 | 11.5
Armour         | 4 5 6 7 8 9 10 | 10.4
Axes           | 3 4 5 8 10 12 13 14 | 14.0
Fighting       | 4 5 7 8 10 11 | 11.5
Invocations    | 3 |  3.9
Evocations     | 1 |  1.1
Throwing       | |  0.4

Action                   |  1- 3 |  4- 6 |  7- 9 | 10-12 || total
-------------------------+-------+-------+-------+-------++-------
Melee: War axe           |    82 |       |       |       ||    82
       Headbutt          |    10 |    19 |    46 |   109 ||   184
       Hand axe          |       |   149 |   314 |   566 ||  1029
       Bite              |       |       |    29 |    68 ||    97
Throw: Tomahawk          |       |       |       |     3 ||     3
Invok: Heroism           |       |       |       |     3 ||     3
 Abil: Evoke Invisibilit |       |       |       |     1 ||     1
Evoke: Wand              |       |       |       |     1 ||     1
       Deck              |       |       |       |     1 ||     1
  Use: Scroll            |     5 |     3 |     4 |     5 ||    17
       Potion            |       |       |     8 |     9 ||    17
 Stab: Distracted        |       |     1 |       |       ||     1
       Invisible         |       |       |       |     3 ||     3
  Eat: Chunk             |     2 |     6 |    10 |    22 ||    40
       Pizza             |       |       |       |     1 ||     1
Armor: Scale mail        |    27 |    38 |    72 |    59 ||   196
       Plate armour      |       |       |       |    76 ||    76
       Fire dragon armou |       |       |       |    54 ||    54
       Skin              |       |       |       |    15 ||    15
Dodge: Dodged            |    15 |    33 |    65 |   118 ||   231
Block: Shield            |    43 |    69 |   154 |   308 ||   574
